 Dungeon Crawl Stone Soup version 0.31-a0-185-g9dded2c639 (webtiles) character file.

Game seed: 2267833938189921803

81 qw the Shooter (level 4, -3/25 HPs)
             Began as a Deep Elf Hunter on June 22, 2023.
             Killed from afar by Sigmund (9 damage)
             ... with a magic dart
             ... on level 2 of the Dungeon.
             The game lasted 00:00:25 (952 turns).

qw the Shooter (Deep Elf Hunter)                     Turns: 952, Time: 00:00:26

Health: -3/25      AC:  4    Str: 10    XL:     4   Next: 20%
Magic:  6/6        EV: 12    Int: 14    God:
Gold:   94         SH:  0    Dex: 18    Spells: 3/3 levels left

rFire   . . .        Y - +0 shortbow
rCold   . . .        (shield currently unavailable)
rNeg    . . .        c - +0 leather armour
rPois   .            (no helmet)
rElec   .            (no cloak)
rCorr   .            (no gloves)
SInv    .            h - +0 pair of boots
Will    .....        (no amulet)
Stlth   ++           (no ring)
HPRegen 0.24/turn    (no ring)
MPRegen 0.10/turn

%: no passive effects
@: no status effects
A: no striking features
a: no special abilities


You were on level 2 of the Dungeon.
You visited 1 branch of the dungeon, and saw 2 of its levels.

You collected 94 gold pieces.


   Skills:
 - Level 1.5 Fighting
 + Level 7.6 Ranged Weapons
 - Level 2.4 Dodging
 - Level 1.2 Stealth


You had 3 spell levels left.
You didn't know any spells.
Your spell library was empty.

Inventory:

Hand Weapons
 Y - a +0 shortbow (weapon)
Armour
 c - a +0 leather armour (worn)
 h - a +0 pair of boots (worn)
Scrolls
 a - a scroll of fear {unknown}
 b - a scroll of immolation {unknown}
Potions
 f - a potion of enlightenment {unknown}
 g - a potion of curing {unknown}

Dungeon Overview and Level Annotations

Branches:
Dungeon (2/15)

Altars:

Shops:
D:1 :

Annotations:
D:2 Sigmund


Message History

The arrow hits the hobgoblin but does no damage.
The hobgoblin misses you.
You shoot an arrow. The arrow closely misses the hobgoblin.
The hobgoblin hits you but does no damage.
You shoot an arrow. The arrow hits the hobgoblin.
The hobgoblin is heavily wounded.
The hobgoblin hits you.
You shoot an arrow. The arrow hits the hobgoblin!
You kill the hobgoblin!
The quokka bites you.
You shoot an arrow. The arrow closely misses the quokka.
The quokka misses you.
You shoot an arrow. The arrow hits the quokka.
The quokka is heavily wounded.
The quokka barely misses you.
You shoot an arrow. The arrow hits the quokka.
You kill the quokka!
You start resting.
HP restored.
Sigmund the Dreaded comes into view.
He is wielding a +0 scythe and carrying a wand of flame (10).
Things that are here:
a +0 flail; a quokka corpse; a gnoll corpse You shoot an arrow.
The arrow hits Sigmund.
Sigmund is moderately wounded.
Sigmund zaps a wand.
The puff of flame hits you!
Ouch! That really hurt!
Sigmund mumbles some strange words.
Sigmund flickers and vanishes!
Deactivating autopickup; reactivate with Ctrl-A.
You shoot an arrow. You shoot an arrow. You shoot an arrow.
You hear a zap.
A puff of flame appears from out of thin air!
The puff of flame hits you!
You shoot an arrow. You shoot an arrow.
A magic dart appears from out of thin air!
The magic dart hits you!
You die...

## ..#...#. .
#...#..
#...#...#
##.#...#. #.
##..{.#.. #...
...#...#...#
#.### #(.#.).#
.....# #..@)#
#PPP.##..##..#
#........# ..#
#..P.##)## .#
#.P..##.# #
#.##..#.#
#...# #. #.###
#. # #.#


There were no monsters in sight!

Vanquished Creatures
  5 gnolls
  2 dart slugs (D:1)
  A bat (D:2)
  3 endoplasms (D:1)
  2 hobgoblins
  2 jackals (D:2)
  A quokka (D:2)
  4 ball pythons (D:1)
  A frilled lizard (D:1)
  3 goblins (D:1)
  4 kobolds (D:1)
  3 rats
31 creatures vanquished.

Notes
Turn   | Place    | Note
-------+----------+-------------------------------------------
     0 | D:1      | qw the Deep Elf Hunter began the quest for the Orb.
     0 | D:1      | Reached XP level 1. HP: 12/12 MP: 3/3
     0 | D:1      | 0 ||| qw: Version: 0.3-a-9-g12657ce
     0 | D:1      | 0 ||| qw: Game counter: 1674
     0 | D:1      | 0 ||| qw: Always use a shield: true
     0 | D:1      | 0 ||| qw: God list: Okawaru
     0 | D:1      | 0 ||| qw: Allow faded altars: false
     0 | D:1      | 0 ||| qw: Do Orc after D:15 true
     0 | D:1      | 0 ||| qw: Do second Lair branch before Depths: true
     0 | D:1      | 0 ||| qw: Lair rune preference: random
     0 | D:1      | 0 ||| qw: Plans: Normal
     0 | D:1      | 0 ||| PLANNING D:1-11
    86 | D:1      | Reached XP level 2. HP: 15/16 MP: 4/4
   107 | D:1      | Reached skill level 6 in Ranged Weapons
   197 | D:1      | Found Roesah's Book Boutique.
   382 | D:1      | Reached XP level 3. HP: 20/20 MP: 5/5
   793 | D:1      | 793 ||| UPGRADING to +0 pair of boots.
   798 | D:1      | 798 ||| READING scroll labelled WUIK NAANUO.
   799 | D:1      | 799 ||| READING 2 scrolls labelled WARPHU YMAJE.
   800 | D:1      | 800 ||| DROPPING scroll of butterflies.
   801 | D:1      | 801 ||| DROPPING scroll of amnesia.
   890 | D:2      | Reached skill level 7 in Ranged Weapons
   928 | D:2      | Reached XP level 4. HP: 25/25 MP: 6/6
   946 | D:2      | Noticed Sigmund
   950 | D:2      | HP: 5/25 [something/puff of flame (8)]
   952 | D:2      | Killed from afar by Sigmund

Levels and vault maps discovered:
D:1:      saegor_arrival_simple_a, layout_basic, serial_shops, shop,
          minivault_4, minmay_tromino_i4
D:2:      layout_loops_ring, serial_undead, serial_undead_b, serial_undead_a,
          serial_undead_a, serial_undead_d, serial_undead_e, serial_undead_f,
          grunt_decor_resistance, hex_medium, kennysheep_pointless_box,
          uniq_terence, uniq_sigmund, uniq_natasha

Skill      XL: |  1  2  3 |
---------------+----------+-----
Ranged Weapons | 6 7 |  7.6
Fighting       | |  1.5
Dodging        | |  2.4
Stealth        | |  1.2

Action                     |  1- 3 |  4- 6 || total
---------------------------+-------+-------++-------
   Fire: Shortbow          |   100 |    18 ||   118
    Use: Scroll            |     2 |       ||     2
 Armour: Leather armour    |     5 |     1 ||     6
  Dodge: Dodged            |    21 |     6 ||    27

Table legend:
 A = Non-vault XP
 B = Vault XP
 C = Vault XP percentage of total XP
 D = Non-vault monster count
 E = Vault monster count
 F = Vault count percentage of total count
                 A         B        C        D         E       F
            +---------+---------+-------+---------+---------+-------
      Total |     112 |       5 |   4.3 |      28 |       3 |   9.7
            +---------+---------+-------+---------+---------+-------
        D:1 |      44 |       5 |  10.2 |      18 |       3 |  14.3
        D:2 |      68 |       0 |   0.0 |      10 |       0 |   0.0
            +---------+---------+-------+---------+---------+-------
